 Dungeon Crawl Stone Soup version 0.32-a0-732-ga344392067 (webtiles) character file.

Game seed: 5585308247247172809

1955675 ragingrage the Metallomancer (level 27, 192/192 HPs)
             Began as a Formicid Earth Elementalist on Mar 16, 2024.
             Was the Champion of Elyvilon.
             Escaped with the Orb
             ... and 4 runes!
             The game lasted 02:05:41 (92881 turns).

ragingrage the Metallomancer (FoEE)                Turns: 92881, Time: 02:05:42

Health: 192/192    AC: 25    Str: 16    XL:     27
Magic:  41/41      EV: 17    Int: 44    God:    Elyvilon [******]
Gold:   2631       SH: 16    Dex: 12    Spells: 14/54 levels left

rFire   + + +        a - staff of earth
rCold   + . .        u - +2 shield of Resistance {rF++ rC++ Will++}
rNeg    . . .        G - +7 toga "Victory" {*Victory Int+7 Slay+7 Clar}
rPois   +            (helmet unavailable)
rElec   +            s - +4 dragonskin cloak {Aegis}
rCorr   .            P - +1 pair of gloves of the Accordion {Harm rPois}
SInv    +            Z - +2 pair of boots {Fly}
Will    ++++.        U - amulet of magic regeneration
Stlth   ++           o - ring of Benevolence {AC+4 Int+3}
HPRegen 0.52/turn    X - ring of the Solemn God {rElec rF+ Int+8 Dex-2 Slay-2}
MPRegen 0.67/turn

%: harm (+30% outgoing, +20% incoming), clarity
@: flying
A: permanent stasis, dig shafts and tunnels, antennae 3, four strong arms,
deterioration 1, frail 1, cold vulnerability 1
0: Orb of Zot
}: 4/15 runes: decaying, serpentine, slimy, silver
a: Dig, Shaft Self, Renounce Religion, Purification, Heal Other, Heal Self,
Divine Vigour


You escaped.
You worshipped Elyvilon.
Elyvilon was exalted by your worship.
You visited 11 branches of the dungeon, and saw 53 of its levels.
You visited 1 bazaar.
You also visited: Ossuary and Ice Cave.

You collected 8711 gold pieces.
You spent 6080 gold pieces at shops.

Inventory:

Hand Weapons
 b - the +2 dagger of Revolt {speed, rF+ Will+ Str+4}
   (You found it on level 2 of the Elven Halls)

   Str+4:     It affects your strength (+4).
   rF+:       It protects you from fire.
   Will+:     It increases your willpower.
Missiles
 t - 25 curare-tipped darts
 F - 3 throwing nets
Armour
 s - the +4 dragonskin cloak (worn) {Aegis}
   (You took it off Tiamat on level 2 of the Realm of Zot)

   Avatar's Aegis: It grants the wearer a chance to resist fire, cold, poison,
   electricity, acid, and negative energy.
 u - the +2 shield of Resistance (worn) {rF++ rC++ Will++}
   (You found it on level 11 of the Dungeon)

   rF++:      It greatly protects you from fire.
   rC++:      It greatly protects you from cold.
   Will++:    It greatly increases your willpower.
 G - the +7 toga "Victory" (worn) {*Victory Int+7 Slay+7 Clar}
   (You found it on level 11 of the Dungeon)

   *Victory:  When the wearer kills a threatening monster, it has a chance to
   gain +1 AC, +1 Slay, and +1 Int, capping at +7.
   When the wearer uses a scroll or a potion with a hostile monster in sight,
   its bonuses reset to +0.
   Unequipping it also resets its bonuses to +0.
   Int+7:     It affects your intelligence (+7).
   Slay+7:    It affects your accuracy & damage with ranged weapons and melee
   (+7).
   Clar:      It protects you from confusion, rage, mesmerisation and fear.
 P - the +1 pair of gloves of the Accordion (worn) {Harm rPois}
   (You acquired it on level 4 of the Dungeon)

   rPois:     It protects you from poison.
   Harm:      It increases damage dealt and taken.
 T - the sphere of Battle
   (You found it on level 5 of the Pits of Slime)

   Battle:    It summons a battlesphere in combat, with strength depending on
   Conjurations skill.
   Destructive: It enhances your destructive magic, and weakens non-destructive
   magic.
 Z - a +2 pair of boots of flying (worn)
Magical Staves
 a - a staff of earth (weapon)
Jewellery
 d - a ring of resist corrosion
 i - the brooch of Shielding {Spirit SH+8}
   (You found it on level 4 of the Realm of Zot)

   [amulet of guardian spirit]

   Spirit:    It causes incoming damage to be divided between your reserves of
   health and magic.
   SH+8:      It affects your SH (+8).
 o - the ring of Benevolence (left hand) {AC+4 Int+3}
   (You took it off a deep elf death mage on level 3 of the Elven Halls)

   [ring of protection]

   AC+4:      It affects your AC (+4).
   Int+3:     It affects your intelligence (+3).
 K - a ring of positive energy
 U - an amulet of magic regeneration (around neck)
 X - the ring of the Solemn God (right hand) {rElec rF+ Int+8 Dex-2 Slay-2}
   (You bought it in a shop on level 12 of the Dungeon)

   [ring of protection from fire]

   Int+8:     It affects your intelligence (+8).
   Dex-2:     It affects your dexterity (-2).
   Slay-2:    It affects your accuracy & damage with ranged weapons and melee
   (-2).
   rF+:       It protects you from fire.
   rElec:     It insulates you from electricity.
Wands
 h - a wand of digging (19)
 r - a wand of paralysis (74)
 x - a wand of mindburst (33)
 A - a wand of warping (38)
 D - a wand of polymorph (46)
 Q - a wand of acid (18)
Scrolls
 g - 7 scrolls of enchant armour
 j - 5 scrolls of immolation
 l - 4 scrolls of fog
 v - 6 scrolls of fear
 y - 10 scrolls of noise
 C - 10 scrolls of poison
 E - 4 scrolls of revelation
 H - 3 scrolls of silence
 I - 3 scrolls of butterflies
 J - 5 scrolls of vulnerability
 O - 6 scrolls of brand weapon
 S - 4 scrolls of amnesia
 V - 14 scrolls of enchant weapon
Potions
 c - 8 potions of magic
 e - 8 potions of lignification
 f - 9 potions of cancellation
 k - 16 potions of might
 m - 3 potions of brilliance
 n - 4 potions of enlightenment
 p - 22 potions of curing
 w - 10 potions of heal wounds
 z - 8 potions of attraction
 B - 6 potions of ambrosia
 L - 11 potions of mutation
 N - 3 potions of invisibility
 W - 4 potions of resistance
Miscellaneous
 M - a phial of floods
 Y - a sack of spiders


   Skills:
 - Level 17.0 Fighting
 - Level 10.0 Short Blades
 - Level 8.9 Staves
 - Level 9.5 Armour
 - Level 15.3 Dodging
 - Level 13.2 Stealth
 - Level 20.0 Shields
 - Level 14.0 Spellcasting
 - Level 14.0 Conjurations
 - Level 15.0 Summonings
 - Level 12.0 Ice Magic
 - Level 26.5 Earth Magic
 - Level 10.0 Alchemy
 + Level 22.7 Invocations
 - Level 14.5 Evocations


You had 14 spell levels left.
You knew the following spells:

 Your Spells              Type           Power      Damage    Failure   Level
a - Spellforged Servitor  Conj/Summ      51%        N/A       2%          7
b - Bombard               Conj/Erth      71%        9d12      1%          6
c - Passwall              Erth           100%       N/A       0%          3
d - Stone Arrow           Conj/Erth      100%       3d13      0%          3
e - Sandblast             Erth           100%       2d20      0%          1
f - Irradiate             Conj/Alch      47%        3d27      1%          5
g - Shatter               Erth           78%        3d57*     2%          9
h - Permafrost Eruption   Ice/Erth       70%        2x4d19    1%          6

Your spell library contained the following spells:

 Spells                   Type           Power      Damage    Failure   Level
 Magic Dart               Conj           100%       1d8       0%          1
 Call Imp                 Summ           100%       N/A       0%          2
 Call Canine Familiar     Summ           100%       N/A       0%          3
 Animate Armour           Summ/Erth      100%       N/A       0%          4
 Brom's Barrelling Bould  Conj/Erth      100%       2d11      0%          4
 Leda's Liquefaction      Alch/Erth      68%        N/A       0%          4
 Petrify                  Alch/Erth      100%       N/A       0%          4
 Apportation              Tloc           60%        N/A       1%          1
 Foxfire                  Conj/Fire      100%       2x1d9     1%          1
 Shock                    Conj/Air       100%       1d9       1%          1
 Slow                     Hex            100%       N/A       1%          1
 Cigotuvi's Dreadful Rot  Necr/Alch/Air  100%       N/A       1%          2
 Ensorcelled Hibernation  Hex/Ice        100%       N/A       1%          2
 Jinxbite                 Hex            60%        N/A       1%          2
 Lesser Beckoning         Tloc           60%        N/A       1%          2
 Mercury Vapours          Alch/Air       100%       N/A       1%          2
 Momentum Strike          Conj/Tloc      100%       3d10      1%          2
 Scorch                   Fire           60%        2d7       1%          2
 Sublimation of Blood     Necr           30%        N/A       1%          2
 Frozen Ramparts          Ice            100%       1d16      1%          3
 Mephitic Cloud           Conj/Alch/Air  79%        N/A       1%          3
 Ozocubu's Armour         Ice            95%        N/A       1%          3
 Flame Wave               Conj/Fire      75%        2d17      1%          4
 Ignite Poison            Fire/Alch      65%        N/A       1%          4
 Summon Blazeheart Golem  Fire/Summ      77%        N/A       1%          4
 Alistair's Intoxication  Alch           58%        N/A       1%          5
 Arcjolt                  Conj/Air       37%        1d47      1%          5
 Fireball                 Conj/Fire      37%        3d15      1%          5
 Freezing Cloud           Conj/Ice/Air   41%        6-21      1%          5
 Iskenderun's Battlesphe  Conj           100%       2d15      1%          5
 Summon Forest            Summ/Tloc      38%        N/A       1%          5
 Sculpt Simulacrum        Ice/Alch       45%        N/A       1%          6
 Summon Cactus Giant      Summ           52%        N/A       1%          6
 Lehudib's Crystal Spear  Conj/Erth      71%        10d16     1%          8
 Metabolic Englaciation   Hex/Ice        35%        N/A       2%          5
 Summon Hydra             Summ           52%        N/A       2%          7
 Confusing Touch          Hex            30%        N/A       3%          3
 Fugue of the Fallen      Necr           30%        N/A       3%          3
 Inner Flame              Hex/Fire       30%        N/A       3%          3
 Sigil of Binding         Hex            30%        N/A       3%          3
 Tukima's Dance           Hex            30%        N/A       3%          3
 Vampiric Draining        Necr           30%        2d8       3%          3
 Volatile Blastmotes      Fire/Tloc      60%        2d15      3%          3
 Eringya's Noxious Bog    Alch           43%        4d6       3%          6
 Orb of Destruction       Conj           50%        9d13      3%          7
 Yara's Violent Unravell  Hex/Alch       32%        3d13      4%          5
 Starburst                Conj/Fire      37%        6d11      11%         6
 Airstrike                Air            15%        2d(3-19)  12%         4
 Anguish                  Hex/Necr       15%        N/A       12%         4
 Cause Fear               Hex            15%        N/A       12%         4
 Dispel Undead            Necr           30%        3d14      12%         4
 Passage of Golubria      Tloc           30%        N/A       12%         4
 Silence                  Hex/Air        15%        N/A       32%         5
 Haunt                    Necr/Summ      38%        N/A       43%         7
 Death Channel            Necr           15%        N/A       88%         6
 Plasma Beam              Fire/Air       15%        2x1d26    88%         6
 Dragon's Call            Summ           52%        N/A       95%         9
 Ignition                 Fire           15%        3d6       100%        8
 Maxwell's Capacitive Co  Air            15%        ∞         100%        8
 Blink                    Tloc           Unusable   N/A       N/A         2
 Swiftness                Air            Unusable   N/A       N/A         3
 Vhi's Electric Charge    Tloc/Air       Unusable   N/A       N/A         4

Dungeon Overview and Level Annotations

Branches:
Dungeon (15/15)            Temple (1/1) D:7            Lair (5/5) D:10
  Swamp (4/4) Lair:3        Snake (4/4) Lair:3        Slime (5/5) Lair:5
    Orc (2/2) D:11            Elf (3/3) Orc:2        Vaults (5/5) D:14
  Crypt (0/3) Vaults:3     Depths (4/4) D:15            Zot (5/5) Depths:4
Ossuary (visited)           IceCv (visited)

Altars:
Ashenzari
Cheibriados
Dithmenos
Elyvilon
Fedhas
Gozag
Hepliaklqana
Kikubaaqudgha
Makhleb
Nemelex Xobeh
Okawaru
Qazlal
Ru
Sif Muna
Trog
Uskayaw
Vehumet
Wu Jian
Xom
Yredelemnul
Zin
The Shining One
Jiyva

Shops:
D:4 ?   D:9 *   D:12 *?*(=   D:14 [   Orc:2 :[[[?   Elf:1 !:*!   Elf:2 [
Snake:4 *   Vaults:2 *   Vaults:4 =   Depths:1 (   Depths:2 :=!

Portals:
Hell: Depths:1 Depths:2 Depths:3 Depths:4
Abyss: Depths:3 Depths:4
Pandemonium: Depths:2 Depths:3
Ziggurat: Depths:1
Trove: D:13 (give 14 potions of curing)

Annotations:
D:15 1 runed translucent door, Archuejo's ghost, journeyman MiCj
Lair:4 3 runed translucent doors, AutarchDCSS's ghost, journeyman DjAl
Swamp:3 2 transporters, exclusion: downstairs, Ureret's ghost, adept GrFi
Elf:2 1 runed translucent door, hikkokomori's ghost, adept CoHu


Innate Abilities, Weirdness & Mutations

You cannot be hasted, slowed, berserked, paralysed or teleported.
You can dig through walls and to a lower floor.
You have a pair of large antennae on your head. (SInv)
Your four strong arms can wield two-handed weapons with a shield.
Your body sometimes deteriorates upon taking damage.
You are frail. (-10% HP)
You are vulnerable to cold. (rC-)


Message History

(V) Vaults (C) Crypt (U) Depths (H) Hell (Z) Zot
Where to? (Tab/Enter - D:1 @ (x,y), ? - help)
You see here a yak skeleton.
There is an escape hatch in the floor here.
There is a stone staircase leading up here.
You fly upwards.
There is a stone staircase leading down here.
There is a stone staircase leading up here.
You fly upwards.
There is a stone staircase leading down here.
There is a stone staircase leading up here.
You fly upwards.
There is a stone staircase leading down here.
There is a stone staircase leading up here.
You fly upwards.
There is a stone staircase leading down here.
There is a stone staircase leading up here.
You fly upwards.
You sense a monster nearby.
There is a stone staircase leading down here.
There is a stone staircase leading up here.
You fly upwards.
There is a stone staircase leading down here.
(D) Dungeon (T) Temple (L) Lair (S) Swamp (P) Snake Pit (M) Slime Pits (O) Orcish Mines (E) Elven Halls (V) Vaults (C) Crypt (U) Depths (H) Hell (Z) Zot
Where to? (Tab/Enter - D:1 @ (x,y), ? - help)
You see here a bat skeleton.
You see here a quokka skeleton.
There is a stone staircase leading up here.
You fly upwards.
There is a stone staircase leading down here.
You see here a hobgoblin skeleton.
There is an open door here.
There is an open door here.
There is an open gate here.
There is a staircase leading out of the dungeon here.
You have escaped!

♣♣♣ ####.#............#.#
♣♣♣ ♣.♣♣♣♣
#⌠⌠#.#....#######.#.#
############..#.##.#.#
#.#.#
..............#.##.#.##
#.†.#
..............#....#..#
#####
..##......##..#######.#
..##......##..####♣♣#.#
..............'..#.♣#.#
..............'.@#.♣#(#
..............'..#.♣#.##
..##......##..####♣♣#..#
..##......##..# ###..#
..............# #....#
..............######.†.###
#############'#..........#
♣♣♣ ♣♣♣♣♣♣ #.#.####..##.#
#############.#.......##.#


There were no monsters in sight!

Vanquished Creatures
  the Royal Jelly (Slime:5)
  2 dread liches (Zot:5)
  5 orbs of fire (Zot:5)
  Tiamat (Zot:2)
  3 ancient liches
  A juggernaut (Depths:2)
  6 Killer Klowns
  2 curse toes (Zot:5)
  Saint Roka (Vaults:5)
  4 caustic shrikes
  9 golden dragons
  A bone dragon (Depths:4)
  A Brimstone Fiend (Zot:4)
  2 electric golems (Zot:5)
  9 tentacled monstrosities
  Jorgrun (D:13)
  Rupert (D:12)
  24 Orb Guardians
  2 liches
  2 walking frostbound tomes
  3 deep elf blademasters
  2 deep elf master archers (Elf:3)
  2 titans (Vaults:5)
  15 acid blobs
  Gastronok (Lair:3)
  5 sphinxes
  Frances (Snake:2)
  9 death cobs
  2 quicksilver dragons
  13 storm dragons
  Aizul (Snake:2)
  The ghost of Hiush the Warrior, a journeyman OnGl of Uskayaw (Orc:1)
  Agnes (Elf:2)
  4 tengu reavers
  Donald (Vaults:4)
  A thorn hunter (Swamp:4)
  17 shadow dragons
  5 draconian monks
  5 protean progenitors
  7 azure jellies
  16 rockslimes
  5 draconian knights
  14 nagarajas
  12 frost giants
  11 fire giants
  6 deep elf sorcerers
  3 iron dragons
  3 draconian shifters
  5 vault wardens
  2 balrugs
  4 draconian scorchers
  3 ghost moths
  2 deep elf elementalists (Elf:3)
  Louise (Snake:3)
  3 spectral caustic shrikes (Depths:2)
  10 draconian stormcallers
  A reaper (Depths:3)
  3 orc warlords
  19 stone giants
  3 ironbound thunderhulks (Vaults:2)
  9 formless jellyfish
  7 draconian annihilators
  13 ironbound preservers
  20 very ugly things
  A vampire knight (Vaults:3)
  12 black draconians
  8 quicksilver oozes
  6 deep elf demonologists
  6 deep elf death magi
  6 green draconians
  A spriggan defender (Depths:4)
  4 war gargoyles (Vaults:5)
  A bunyip (Swamp:3)
  7 eleionomae
  6 purple draconians
  5 yellow draconians
  8 dire elephants
  7 red draconians
  7 white draconians
  5 deep elf annihilators
  An eidolon (Depths:1)
  A green death (Depths:2)
  13 fire dragons
  A shambling mangrove (Swamp:2)
  2 blizzard demons (IceCv)
  9 ettins
  5 entropy weavers
  6 deep elf high priests
  8 great orbs of eyes
  12 yaktaur captains
  3 rakshasas
  25 hydras
  12 ice dragons
  The ghost of javelincjr the Fighter, a journeyman DsWr of Makhleb (Swamp:1)
  4 salamander tyrants
  31 vault guards
  4 spriggan air magi
  2 hell beasts
  5 ironbound frosthearts
  Fannar (D:11)
  A catoblepas (Lair:5)
  3 ogre magi
  16 centaur warriors
  13 alligators
  25 dancing weapons
  10 anacondas
  9 tengu warriors
  10 two-headed ogres
  4 boulder beetles
  4 orc high priests (Orc:2)
  7 spriggan berserkers
  15 naga sharpshooters
  3 deep troll shamans
  6 deep troll earth magi
  A vampire mage (Vaults:3)
  17 naga warriors
  19 deep elf knights
  9 shock serpents
  2 sun demons (Depths:1)
  A skyshark (Lair:5)
  18 hell knights
  3 skeletal warriors
  6 iron trolls
  52 deep trolls
  A quicksilver dragon simulacrum (Depths:1)
  5 salamander mystics
  4 spriggan druids
  10 swamp dragons (Swamp:4)
  8 goliath frogs
  7 deep elf archers
  4 glowing orange brains
  2 flayed ghosts (Depths:3)
  10 naga ritualists
  12 lindwurms
  9 bog bodies
  A swamp dragon (shapeshifter) (Depths:2)
  An orange crystal statue (Elf:2)
  10 mana vipers
  7 spriggan simulacra (IceCv)
  7 arcanists
  3 obsidian statues
  18 ironbound convokers
  4 thermic dynamos (Elf:3)
  26 deep elf zephyrmancers
  17 orc knights
  2 phantasmal warriors (Vaults:5)
  7 necromancers
  A stone giant zombie (Depths:1)
  3 oklob plants (Lair:3)
  26 ugly things
  4 cyclopes
  3 manticores
  A wolf spider (shapeshifter) (Elf:3)
  16 deep elf pyromancers
  11 orc sorcerers
  A faun (Zot:5)
  6 shining eyes
  12 salamanders
  6 will-o-the-wisps
  12 elephants
  A kobold blastminer (Orc:2)
  7 guardian serpents
  20 moths of wrath
  27 black mambas
  A water nymph (shapeshifter) (Depths:2)
  4 eyes of devastation
  12 naga magi
  A rust devil (Depths:1)
  An eye of devastation (shapeshifter) (Vaults:5)
  A gargoyle (D:12)
  12 cane toads
  Maggie (D:7)
  21 vault sentinels
  A torpor snail (Zot:1)
  A hellion (D:13)
  A kobold demonologist (D:10)
  3 rime drakes
  2 nameless horrors
  An unseen horror zombie (D:8)
  26 yaktaurs
  Jeremiah (D:7)
  2 tengu conjurers
  2 anaconda simulacra (IceCv)
  9 komodo dragons
  A spriggan skeleton (Depths:1)
  5 freezing wraiths
  7 ice devils (IceCv)
  A golden dragon simulacrum (IceCv)
  10 trolls
  A bloated husk (Swamp:1)
  A polar bear (shapeshifter) (D:14)
  5 alligator simulacra (IceCv)
  4 polar bears (Lair:5)
  A blink frog (shapeshifter) (Elf:2)
  7 tyrant leeches
  A tarantella (Lair:5)
  22 hornets
  16 blink frogs
  5 glass eyes
  A snapping turtle (shapeshifter) (Vaults:5)
  4 dream sheep
  2 shadows
  3 wraiths
  2 centaur simulacra
  89 slime creatures
  31 spriggans
  A culicivora (Vaults:3)
  2 dire elephant simulacra (IceCv)
  11 water elementals
  57 yaks
  2 vampires
  2 wyverns
  3 golden eyes (Slime:4)
  3 basilisks
  13 vampire mosquitoes
  5 redbacks
  5 wargs
  5 fire elementals
  A redback simulacrum (D:14)
  42 nagas
  Menkaure (D:4)
  7 minotaur simulacra (IceCv)
  16 swamp worms
  A swamp worm (shapeshifter) (Vaults:5)
  3 harpy simulacra (IceCv)
  An acid dragon (D:12)
  Duvessa (D:6)
  24 water moccasins
  18 orc warriors
  A laughing skull (Vaults:3)
  An ice beast (D:8)
  8 swamp drakes
  2 hornet zombies (D:8)
  A sky beast (D:8)
  A black bear (Lair:5)
  3 ettin simulacra (IceCv)
  8 ogres
  21 centaurs
  6 boggarts
  28 wolves
  A phantom (D:6)
  2 kobold brigands
  A weeping skull (D:8)
  5 gnoll sergeants (D:11)
  25 bullfrogs
  10 scorpions
  4 earth elementals
  6 deep troll simulacra (IceCv)
  A wyvern zombie (D:8)
  9 wights
  Dowan (D:6)
  12 killer bees
  A lindwurm simulacrum (IceCv)
  A bombardier beetle (D:5)
  3 howler monkeys
  An electric eel (Lair:3)
  A lava snake (Lair:5)
  5 centaur zombies
  5 human zombies
  2 sleepcaps
  2 hounds
  A bullfrog skeleton (D:7)
  33 orc priests
  3 jellies
  Ijyb (D:3)
  3 iguanas (D:5)
  27 orc wizards
  A hell rat (Lair:3)
  7 scorpion zombies
  A killer bee zombie (D:8)
  5 mummies
  2 howler monkey zombies (D:8)
  10 gnolls
  9 adders
  A howler monkey skeleton (D:7)
  An adder zombie (Ossuary)
  2 dart slugs
  3 ribbon worms
  67 orcs
  6 bats
  6 endoplasms
  A giant cockroach (D:1)
  5 goblins
  9 hobgoblins
  3 jackals (D:1)
  3 quokkas
  3 training dummies (Depths:1)
  10 ball pythons
  4 ball python zombies (Ossuary)
  6 frilled lizards
  A frilled lizard (shapeshifter) (D:13)
  2 jackal zombies (Ossuary)
  15 kobolds
  An orc zombie (Ossuary)
  10 rats
  7 aspiring fleshes
2164 creatures vanquished.

Vanquished Creatures (collateral kills)
  An orb of fire (Zot:1)
  2 Killer Klowns
  A curse toe (Zot:1)
  A golden dragon (Zot:1)
  A caustic shrike (Depths:3)
  A tentacled monstrosity (Zot:5)
  A hellephant (Zot:4)
  2 Orb Guardians (Zot:5)
  An Executioner (Zot:1)
  2 shadow dragons
  A rockslime (Slime:3)
  A protean progenitor (Zot:5)
  3 azure jellies (Slime:5)
  A draconian shifter (Zot:3)
  An iron dragon (Depths:1)
  A frost giant (Depths:2)
  A spectral caustic shrike (Depths:2)
  2 ironbound preservers
  6 formless jellyfish
  2 very ugly things
  A stone giant (Depths:2)
  4 dire elephants
  A yellow draconian (Zot:2)
  A vault guard (Vaults:3)
  An ironbound frostheart (Vaults:1)
  2 ice dragons
  A deep troll earth mage (Depths:2)
  A shock serpent (shapeshifter) (Vaults:3)
  2 sun demons (Depths:1)
  2 hell knights (Depths:1)
  A golden dragon zombie (Depths:1)
  3 deep trolls (Vaults:3)
  A large abomination (Zot:1)
  An arcanist (Vaults:2)
  An orc knight (Vaults:5)
  3 lindwurms
  2 ugly things (Depths:2)
  A fire giant zombie (Depths:1)
  A fire giant skeleton (Depths:1)
  A vault sentinel (Vaults:1)
  A torpor snail (Zot:1)
  A tengu conjurer (Depths:1)
  3 yaktaurs
  4 slime creatures
  A water elemental (Depths:2)
73 creatures vanquished.

Vanquished Creatures (others)
  A fenstrider witch (Swamp:4)
  An anaconda (Snake:4)
  A shock serpent (Snake:2)
  A lindwurm (Lair:5)
  A polar bear (Lair:5)
  A water elemental (Elf:3)
  A spriggan (Lair:5)
  A swamp worm (Swamp:1)
  A boggart (Vaults:2)
  20 foxfires
29 creatures vanquished.

Grand Total: 2266 creatures vanquished

Notes
Turn   | Place    | Note
-------+----------+-------------------------------------------
     0 | D:1      | ragingrage the Formicid Earth Elementalist began the quest
                  | for the Orb.
     0 | D:1      | Reached XP level 1. HP: 13/13 MP: 3/3
    78 | D:1      | Reached skill level 4 in Earth Magic
   128 | D:1      | Reached XP level 2. HP: 19/19 MP: 1/5
   630 | D:1      | Reached XP level 3. HP: 18/24 MP: 2/6
   823 | D:1      | Reached skill level 1 in Short Blades
  1232 | D:2      | Reached skill level 5 in Earth Magic
  1302 | D:2      | Learned a level 3 spell: Passwall
  1339 | D:2      | Reached XP level 4. HP: 30/30 MP: 5/7
  1343 | D:2      | Learned a level 3 spell: Stone Arrow
  1436 | D:2      | Reached skill level 1 in Conjurations
  1783 | D:2      | Reached XP level 5. HP: 35/35 MP: 5/9
  2206 | D:3      | Found a radiant altar of Vehumet.
  2254 | D:3      | Found a faded altar of an unknown god.
  2277 | D:3      | Noticed Ijyb
  2875 | D:4      | Found a broken altar of Ashenzari.
  3005 | D:4      | Reached XP level 6. HP: 41/41 MP: 7/10
  3203 | D:4      | Found Isaecoli's Magic Scroll Shop.
  3209 | D:4      | Bought a scroll of fear for 40 gold pieces
  3209 | D:4      | Bought a scroll of identify for 20 gold pieces
  3539 | D:4      | Noticed Menkaure
  3679 | D:5      | Entered Level 5 of the Dungeon
  3792 | D:5      | Noticed a water moccasin
  4018 | D:5      | Noticed a water moccasin
  4020 | D:5      | Killed a water moccasin
  4021 | D:5      | Reached skill level 6 in Earth Magic
  4021 | D:5      | Reached XP level 7. HP: 46/46 MP: 6/11
  4118 | D:5      | Reached skill level 7 in Earth Magic
  4211 | D:5      | Reached skill level 1 in Fighting
  4359 | D:5      | Found a shimmering altar of Xom.
  4449 | D:5      | Noticed an angel
  4450 | D:5      | Found a glowing silver altar of Zin.
  4773 | D:5      | Killed a water moccasin
  4774 | D:5      | Reached XP level 8. HP: 56/56 MP: 5/12
  4860 | D:6      | Noticed Duvessa
  4879 | D:5      | Reached skill level 8 in Earth Magic
  4967 | D:6      | Reached skill level 5 in Conjurations
  5318 | D:6      | Noticed Dowan
  5538 | D:6      | Found a white marble altar of Elyvilon.
  5545 | D:6      | Became a worshipper of Elyvilon the Healer
  5717 | D:6      | Reached skill level 9 in Earth Magic
  6110 | D:7      | Reached XP level 9. HP: 61/61 MP: 11/13
  6129 | D:7      | Learned a level 6 spell: Bombard
  6138 | D:7      | Reached * piety under Elyvilon
  6147 | D:7      | Noticed Maggie
  6153 | D:7      | Killed Maggie
  6154 | D:7      | Reached skill level 1 in Invocations
  6154 | D:7      | Reached skill level 1 in Evocations
  6284 | D:7      | Found a sand-covered staircase.
  6323 | Ossuary  | Entered an ossuary
  6490 | Ossuary  | Reached skill level 1 in Armour
  6522 | Ossuary  | Reached skill level 10 in Earth Magic
  6981 | D:7      | Reached XP level 10. HP: 62/72 MP: 9/14
  7158 | D:7      | Found Hehaf's Vocational Training.
  7211 | D:7      | Identified the +0 flail of Destiny {flame, rF+ rN+ Str+3
                  | SInv Stlth-}
  7317 | D:7      | Found a staircase to the Ecumenical Temple.
  7533 | Temple   | Entered the Ecumenical Temple
  7587 | D:7      | Reached skill level 5 in Fighting
  7784 | D:7      | Noticed Jeremiah
  8541 | D:6      | Killed Duvessa
  8559 | D:6      | Killed Dowan
  8796 | D:8      | Reached ** piety under Elyvilon
  8994 | D:8      | Identified a scroll of acquirement
  9224 | D:8      | Found a stormy altar of Qazlal.
  9633 | D:8      | Reached skill level 5 in Armour
 10049 | D:8      | Reached XP level 11. HP: 80/81 MP: 7/17
 10302 | D:8      | Found a basalt altar of Yredelemnul.
 10445 | D:8      | Found a glowing golden altar of the Shining One.
 10570 | D:8      | Acquired a manual of Fighting
 10933 | D:9      | Found an ancient bone altar of Kikubaaqudgha.
 10968 | D:9      | Found Erghobrih's Assorted Antiques.
 11017 | D:9      | Reached skill level 5 in Short Blades
 11041 | D:9      | Bought 2 scrolls labelled XEHUXYV ZINLEGH for 60 gold
                  | pieces
 11041 | D:9      | Bought a scroll labelled DUUF COFRAMIA for 30 gold pieces
 11041 | D:9      | Bought a glowing steel ring for 150 gold pieces
 11175 | D:8      | Reached skill level 5 in Spellcasting
 11528 | D:9      | Reached skill level 11 in Earth Magic
 11926 | D:9      | Noticed a two-headed ogre
 11931 | D:9      | Killed a two-headed ogre
 12122 | D:9      | Acquired the ring of Kuisan {Fly rF+ Dex+3 Slay+2}
 12143 | D:10     | Entered Level 10 of the Dungeon
 12143 | D:10     | Reached *** piety under Elyvilon
 12542 | D:9      | Found Erghobrih's Assorted Antiques.
 12554 | D:9      | Found an ancient bone altar of Kikubaaqudgha.
 12780 | D:10     | Noticed an elephant
 12795 | D:10     | Noticed an elephant
 12814 | D:10     | Killed an elephant
 12915 | D:10     | Killed an elephant
 13035 | D:10     | Noticed a two-headed ogre
 13043 | D:10     | Killed a two-headed ogre
 13044 | D:10     | Reached XP level 12. HP: 95/95 MP: 6/21
 13045 | D:10     | Reached skill level 5 in Stealth
 13554 | D:10     | Reached skill level 10 in Fighting
 14140 | D:10     | Found a staircase to the Lair.
 14197 | D:11     | Found the +0 toga "Victory" {*Victory Clar}
 14279 | D:11     | Found a staircase to the Orcish Mines.
 14420 | D:11     | Noticed a two-headed ogre
 14424 | D:11     | Killed a two-headed ogre
 14729 | D:11     | Found a runed translucent door.
 14730 | D:11     | Noticed a fire dragon
 14730 | D:11     | Found the +2 shield of Resistance {rF++ rC++ Will++}
 14730 | D:11     | Noticed a fire dragon
 14731 | D:11     | Noticed an ice dragon
 14732 | D:11     | Noticed an ice dragon
 14790 | D:11     | Found a runed translucent door.
 14890 | D:11     | Reached **** piety under Elyvilon
 14931 | D:11     | Noticed Fannar
 15014 | Lair:1   | Entered Level 1 of the Lair of Beasts
 15124 | Lair:1   | Reached skill level 5 in Invocations
 16169 | Lair:1   | Reached XP level 13. HP: 109/109 MP: 11/23
 16867 | Lair:2   | Found a gate leading to a gauntlet.
 16888 | Lair:2   | Reached ***** piety under Elyvilon
 18215 | Lair:3   | Reached skill level 5 in Dodging
 19356 | Lair:3   | Identified the +0 war axe of Ignis, Sharing {venom, Fly
                  | Int-3 Dex-4 SInv}
 19451 | Lair:3   | Noticed a six-headed hydra
 19464 | Lair:3   | Killed a six-headed hydra
 19643 | Lair:3   | Found a staircase to the Swamp.
 19882 | Lair:3   | Found a staircase to the Snake Pit.
 20377 | Lair:3   | Reached skill level 15 in Fighting
 20377 | Lair:3   | Reached XP level 14. HP: 119/121 MP: 15/24
 20707 | Lair:3   | Noticed Gastronok
 20748 | Lair:3   | Killed Gastronok
 21333 | Lair:3   | Learned a level 5 spell: Iskenderun's Battlesphere
 22015 | D:4      | Bought a scroll of acquirement for 520 gold pieces
 22030 | D:4      | Killed Menkaure
 22102 | D:3      | Killed Ijyb
 22243 | D:3      | Learned a level 5 spell: Irradiate
 22494 | D:7      | Killed Jeremiah
 22495 | D:7      | Reached skill level 1 in Alchemy
 22924 | Lair:4   | Found a runed translucent gate.
 22953 | Lair:4   | Found a runed translucent gate.
 22953 | Lair:4   | Noticed an azure jelly
 22953 | Lair:4   | Noticed an acid blob
 23121 | Lair:4   | Reached skill level 5 in Alchemy
 23604 | Lair:4   | Found a runed translucent gate.
 23604 | Lair:4   | Noticed a rockslime
 23604 | Lair:4   | Noticed an acid blob
 23604 | Lair:4   | Noticed an azure jelly
 23604 | Lair:4   | Noticed an acid blob
 23604 | Lair:4   | Noticed an azure jelly
 23605 | Lair:4   | Found a viscous altar of Jiyva.
 23605 | Lair:4   | Noticed AutarchDCSS's ghost (journeyman DjAl)
 23605 | Lair:4   | Noticed an acid blob
 23605 | Lair:4   | Noticed an acid blob
 23605 | Lair:4   | Noticed an acid blob
 23607 | Lair:4   | Acquired the +1 pair of gloves of the Accordion {Harm
                  | rPois}
 23910 | Lair:5   | Entered Level 5 of the Lair of Beasts
 25015 | Lair:5   | Noticed Nessos
 25016 | Lair:5   | Nessos changed into Nessos the tarantella
 25016 | Lair:5   | Noticed Nessos
 25018 | Lair:5   | Killed Nessos the tarantella
 25059 | Lair:5   | Reached skill level 10 in Alchemy
 25141 | Lair:5   | Reached XP level 15. HP: 132/132 MP: 13/25
 25696 | Lair:5   | Found a viscous altar of Jiyva.
 25699 | Lair:5   | Found a staircase to the Slime Pits.
 26764 | Orc:1    | Entered Level 1 of the Orcish Mines
 27014 | Orc:1    | Found a runed translucent door.
 27123 | Orc:1    | Noticed Hiush's ghost (journeyman OnGl)
 27239 | Orc:2    | Entered Level 2 of the Orcish Mines
 27504 | Orc:2    | Found a staircase to the Elven Halls.
 27860 | Orc:1    | Reached ****** piety under Elyvilon
 28739 | Orc:2    | Reached skill level 10 in Conjurations
 29040 | Orc:2    | Found Xeopra's Book Shoppe.
 29969 | Orc:2    | Reached skill level 12 in Earth Magic
 30236 | Orc:2    | Found Tasokopp's Armour Boutique.
 30236 | Orc:2    | Found Hojuyxt's Armour Boutique.
 30237 | Orc:2    | Found Lotsoska's Magic Scroll Shop.
 30241 | Orc:2    | Found Zyizxual's Armour Shop.
 30843 | D:11     | Killed Fannar
 31729 | D:12     | Found Cufrenid's Assorted Antiques.
 31741 | D:12     | Bought a dented blue amulet for 170 gold pieces
 31754 | D:12     | Found Wuaraez's Magic Scroll Shoppe.
 31766 | D:12     | Found Jomnung's Antique Weapon Shop.
 31893 | D:12     | Noticed Rupert
 31903 | D:12     | Killed Rupert
 32101 | D:12     | Found Wuyt's Jewellery Shoppe.
 32109 | D:12     | Bought the ring of the Solemn God {rElec rF+ Int+8 Dex-2
                  | Slay-2} for 561 gold pieces
 32171 | D:12     | Found Daggas's General Store.
 32538 | D:13     | Reached skill level 1 in Summonings
 32578 | D:13     | Reached skill level 13 in Earth Magic
 32664 | D:13     | Noticed Jorgrun
 32672 | D:13     | Killed Jorgrun
 32748 | D:13     | Reached XP level 16. HP: 139/139 MP: 27/27
 32801 | D:13     | Found a bloodstained altar of Trog.
 33069 | D:13     | Found a portal to a secret trove of treasure.
 33837 | D:14     | Found a gate to the Vaults.
 34098 | D:14     | Found Daunod's Armour Shop.
 34742 | Swamp:1  | Entered Level 1 of the Swamp
 34749 | Swamp:1  | Reached skill level 1 in Shields
 34898 | Swamp:1  | Reached skill level 5 in Shields
 34987 | Swamp:1  | Found a runed translucent gate.
 34988 | Swamp:1  | Found a runed translucent gate.
 34989 | Swamp:1  | Found a runed translucent gate.
 35011 | Swamp:1  | Learned a level 7 spell: Spellforged Servitor
 35046 | Swamp:1  | Found a glacial archway.
 35100 | IceCv    | Entered an ice cave
 35405 | IceCv    | Reached skill level 5 in Summonings
 36004 | IceCv    | Reached XP level 17. HP: 127/145 MP: 8/29
 36275 | Swamp:1  | Noticed javelincjr's ghost (journeyman DsWr)
 36927 | Orc:1    | Killed Hiush's ghost
 36928 | Orc:1    | Reached skill level 10 in Shields
 38817 | Swamp:3  | Noticed Ureret's ghost (adept GrFi)
 38823 | Swamp:3  | Found a transporter.
 38834 | Swamp:3  | Identified the serpent talisman of Wate Fil {Int+3}
 38900 | Swamp:3  | Found a transporter.
 39392 | Swamp:4  | Entered Level 4 of the Swamp
 39569 | Swamp:4  | Reached skill level 10 in Invocations
 39942 | Swamp:4  | Reached XP level 18. HP: 65/153 MP: 9/30
 40335 | Swamp:4  | Reached skill level 5 in Evocations
 40689 | Swamp:4  | Got a decaying rune of Zot
 41126 | Snake:1  | Entered Level 1 of the Snake Pit
 43504 | Snake:2  | Noticed Frances
 43525 | Snake:2  | Reached skill level 15 in Shields
 43941 | Orc:2    | Bought the Information on Earth for 720 gold pieces
 44270 | Snake:2  | Killed Frances
 44308 | Snake:2  | Identified the serpent talisman of Burning Beauty {*Slow
                  | rF+ rN+ Str+2}
 44308 | Snake:2  | Noticed Aizul
 44322 | Snake:2  | Killed Aizul
 44860 | Snake:3  | Noticed Louise
 45430 | Snake:3  | Identified the +8 hand axe of Plunder {flame, rF+ Dex+3}
 45523 | Snake:3  | Reached XP level 19. HP: 115/159 MP: 22/31
 46673 | Snake:3  | Killed Louise
 47085 | Snake:4  | Entered Level 4 of the Snake Pit
 47189 | Snake:4  | Found a shimmering altar of Xom.
 47328 | Snake:4  | Reached skill level 10 in Summonings
 47652 | Snake:4  | Reached skill level 10 in Spellcasting
 47659 | Snake:4  | Learned a level 6 spell: Permafrost Eruption
 47785 | Snake:4  | Reached skill level 1 in Ice Magic
 48190 | Snake:4  | Reached skill level 5 in Ice Magic
 48734 | Snake:4  | Found Wips's General Store.
 49134 | Snake:4  | Reached skill level 10 in Ice Magic
 49770 | Snake:4  | Reached XP level 20. HP: 166/166 MP: 26/34
 49953 | Snake:4  | Got a serpentine rune of Zot
 50246 | Elf:1    | Entered Level 1 of the Elven Halls
 50317 | Elf:1    | Found Zyzabof's Distillery.
 50409 | Elf:1    | Found a flickering gateway to a bazaar.
 50435 | Bazaar   | Entered a bazaar
 50435 | Bazaar   | Found Izxeiff's Antique Armour Emporium.
 50447 | Bazaar   | Found Risech's General Store.
 50458 | Bazaar   | Found Deah's Antique Weapon Emporium.
 50469 | Bazaar   | Found Jagioneg's Magic Scroll Shop.
 50477 | Bazaar   | Found Fofucril's Jewellery Shop.
 50508 | Bazaar   | Bought a scroll of enchant armour for 60 gold pieces
 50519 | Bazaar   | Bought an iridescent dagger for 91 gold pieces
 50519 | Bazaar   | Identified the +5 dagger "Kaery" {flame, Fly rElec rPois
                  | Dex+2} (You bought it in a shop in a bazaar)
 50539 | Bazaar   | Bought a scroll of immolation for 40 gold pieces
 50539 | Bazaar   | Bought a scroll of enchant armour for 75 gold pieces
 50539 | Bazaar   | Bought a scroll of fog for 40 gold pieces
 50699 | Elf:1    | Got the Guidebook on Forces and the Retinue
 50737 | Elf:1    | Found Ateaxah's Distillery.
 51061 | Elf:1    | Found Wukow's Book Emporium.
 51131 | Elf:1    | Found Ulaqucw's General Store.
 51505 | Elf:2    | Identified the +2 dagger of Revolt {speed, rF+ Will+ Str+4}
 51519 | Elf:2    | Found Woli's Armour Shoppe.
 51581 | Elf:2    | Noticed Agnes
 51582 | Elf:2    | Killed Agnes
 51740 | Elf:2    | Reached skill level 14 in Earth Magic
 51802 | Elf:2    | Found a runed translucent gate.
 51802 | Elf:2    | Found a runed translucent gate.
 51804 | Elf:2    | Found a runed translucent gate.
 51896 | Elf:2    | Found a runed translucent door.
 51897 | Elf:2    | Found a shimmering altar of Xom.
 51897 | Elf:2    | Noticed hikkokomori's ghost (adept CoHu)
 52329 | Elf:3    | Entered Level 3 of the Elven Halls
 52619 | Elf:3    | Learned a level 6 spell: Bombard
 53226 | Elf:3    | Reached skill level 15 in Earth Magic
 53547 | Elf:3    | Reached skill level 1 in Staves
 53874 | Elf:3    | Identified the ring of Benevolence {AC+4 Int+3}
 54024 | Elf:3    | Identified the +4 spear "Ysuwkaish" {venom, Str+3}
 54027 | Elf:3    | Reached skill level 10 in Dodging
 54031 | Elf:3    | Identified the ring of Kese {Fly rPois Str-5 Int+6 Dex+3}
 54130 | Elf:3    | Identified the +8 chain mail "Xithrupuo" {^Drain Fly Will+
                  | Dex+4}
 54134 | Elf:3    | Identified the +5 dagger of the Egg {venom, rC+++ Str+2
                  | Int+2 Stlth-}
 54134 | Elf:3    | Found the +8 frozen axe "Frostbite" {freeze, freezing
                  | cloud, *Noise Fly rC+}
 54152 | Elf:3    | Identified the +1 pair of boots of Rotini {rCorr}
 54167 | Elf:3    | Identified the dragon-blood talisman "Nuodaurr" {rElec
                  | Int-2 Dex+3}
 54171 | Elf:3    | Identified the +4 plate armour "Jasox" {-Cast Harm rF-
                  | Dex+6}
 55254 | Elf:2    | Reached XP level 21. HP: 172/172 MP: 29/35
 55459 | Elf:2    | Reached skill level 5 in Staves
 56121 | Vaults:1 | Entered Level 1 of the Vaults
 57667 | Vaults:2 | Identified the maw talisman of Pufeos {rElec rF- Int+7
                  | SInv}
 58232 | Vaults:2 | Was placed under penance by Elyvilon
 58400 | Vaults:2 | Reached XP level 22. HP: 146/179 MP: 11/36
 59086 | Vaults:2 | Found Tigazoni's General Store.
 60058 | Vaults:3 | Identified the +1 shortbow "Maycir" {antimagic, Dex+3}
 60197 | Vaults:3 | Was forgiven by Elyvilon
 60824 | Vaults:3 | Found a staircase to the Crypt.
 61622 | Vaults:4 | Noticed Donald
 61625 | Vaults:4 | Killed Donald
 61673 | Vaults:4 | Reached skill level 16 in Earth Magic
 62205 | Vaults:4 | Found Xuturph's Jewellery Emporium.
 62656 | Elf:1    | Bought a manual of Dodging for 1120 gold pieces
 62897 | Vaults:5 | Entered Level 5 of the Vaults
 62973 | Vaults:4 | Reached XP level 23. HP: 148/187 MP: 28/38
 63459 | Lair:4   | Learned a level 9 spell: Shatter
 63547 | Swamp:1  | Killed javelincjr's ghost
 64092 | D:15     | Entered Level 15 of the Dungeon
 64288 | D:15     | Reached skill level 17 in Earth Magic
 64622 | D:15     | Found a staircase to the Depths.
 64749 | D:15     | Found a runed translucent door.
 64750 | D:15     | Found a shimmering altar of Xom.
 64751 | D:15     | Noticed Archuejo's ghost (journeyman MiCj)
 65096 | Depths:1 | Entered Level 1 of the Depths
 65096 | Depths:1 | Found a one-way gateway to a ziggurat.
 65207 | Depths:1 | Found a gateway to Hell.
 66082 | Depths:1 | Reached skill level 18 in Earth Magic
 66988 | Depths:1 | Found Tuhomn's Firing Range.
 67690 | Depths:2 | Reached XP level 24. HP: 183/183 MP: 21/38
 67809 | Depths:2 | Reached skill level 19 in Earth Magic
 67996 | Depths:2 | Reached skill level 15 in Dodging
 68526 | Depths:2 | Found Fukhujiw's Book Emporium.
 68528 | Depths:2 | Found Jitsaoha's Jewellery Shoppe.
 68530 | Depths:2 | Found Lutaerpha's Distillery.
 68538 | Depths:2 | Bought a potion of curing for 48 gold pieces
 68580 | Depths:2 | Found a one-way gate leading to the halls of Pandemonium.
 68632 | Depths:2 | Noticed a golden dragon
 68635 | Depths:2 | Killed a golden dragon
 69024 | Depths:2 | Noticed a juggernaut
 69030 | Depths:2 | Killed a juggernaut
 69031 | Depths:2 | Reached skill level 20 in Earth Magic
 69127 | Depths:2 | Noticed a caustic shrike
 69130 | Depths:2 | Noticed a caustic shrike
 69133 | Depths:2 | Noticed a caustic shrike
 69139 | Depths:1 | Killed a caustic shrike
 69140 | Depths:1 | Killed a caustic shrike
 69190 | Depths:2 | Killed a caustic shrike
 69197 | Depths:2 | Noticed a caustic shrike
 69201 | Depths:2 | Killed a caustic shrike
 69341 | Depths:2 | Identified the +3 falchion of Fimbulwinter {freeze, Str+3}
 69558 | Depths:3 | Found a one-way gate to the infinite horrors of the Abyss.
 70719 | Depths:3 | Noticed a caustic shrike
 70725 | Depths:3 | Killed a caustic shrike
 70726 | Depths:3 | Reached XP level 25. HP: 165/188 MP: 22/38
 71079 | Depths:4 | Entered Level 4 of the Depths
 71706 | Depths:4 | Found a stormy altar of Qazlal.
 72014 | Depths:4 | Reached skill level 21 in Earth Magic
 72170 | Depths:4 | Found a gate to the Realm of Zot.
 72466 | Depths:4 | Found the amulet of Vitality {Regen++ RegenMP++}
 72984 | Depths:4 | Found an iron altar of Okawaru.
 73272 | Slime:1  | Entered Level 1 of the Pits of Slime
 73751 | Slime:2  | Reached skill level 22 in Earth Magic
 74680 | Slime:4  | Reached skill level 23 in Earth Magic
 75240 | Slime:5  | Entered Level 5 of the Pits of Slime
 75378 | Slime:5  | Noticed the Royal Jelly
 76298 | Slime:5  | Found a viscous altar of Jiyva.
 76298 | Slime:5  | Found the sphere of Battle
 76469 | Slime:5  | Reached skill level 24 in Earth Magic
 76554 | Slime:5  | Reached XP level 26. HP: 208/208 MP: 33/38
 76808 | Slime:5  | Killed the Royal Jelly
 77593 | Slime:5  | Identified the +8 short sword "Zonlom" {elec, rC+}
 77614 | Slime:5  | Identified the scarf of Past Mistakes {shadows, Str+3}
 77689 | Slime:5  | Found the +8 demon blade "Leech" {evervamp, Harm ^Drain
                  | rN+}
 77693 | Slime:5  | Identified the +4 quarterstaff "Eralat" {pain, rF+ Str+4
                  | Dex-5}
 77708 | Slime:5  | Identified the +8 shortbow of Defiance {antimagic, +Blink
                  | rElec rC- rN++}
 77731 | Slime:5  | Got the Folio of the Mob
 77733 | Slime:5  | Got a slimy rune of Zot
 77735 | Slime:5  | Got Ifeingau's Quarto of the Vivid Autopsy
 77736 | Slime:5  | Identified the ring of the Camelopard {rCorr Str+6 Int-3
                  | Dex+6 SInv}
 77758 | Slime:5  | Identified the +2 chain mail of Eternal Night {rElec}
 77810 | Slime:4  | Acquired 619 gold pieces
 78028 | D:7      | Bought a manual of Evocations for 1040 gold pieces
 78278 | Vaults:5 | Noticed Saint Roka
 78324 | Vaults:5 | Killed Saint Roka
 78417 | Vaults:5 | Reached skill level 25 in Earth Magic
 78418 | Vaults:5 | Reached skill level 10 in Evocations
 78543 | Vaults:5 | Noticed an ancient lich
 78546 | Vaults:5 | Killed an ancient lich
 78546 | Vaults:5 | Noticed an ancient lich
 78643 | Vaults:5 | Killed an ancient lich
 79176 | Vaults:5 | Identified the +8 longbow of the Loving Visionary {freeze,
                  | rPois MP-9 Dex+5}
 79176 | Vaults:5 | Identified the +7 shortbow "Zong" {antimagic, rElec rCorr}
 80044 | Vaults:5 | Reached XP level 27. HP: 196/199 MP: 23/39
 80136 | Vaults:5 | Reached skill level 26 in Earth Magic
 80316 | Vaults:5 | Found the +8 arc blade {discharge, rElec}
 80362 | Vaults:5 | Identified the +2 mace of Sloth {flame, +Blink rF+ Str+2
                  | Stlth+}
 80469 | Vaults:5 | Found the +3 salamander hide armour {Flames, rFlCloud rF++
                  | rC--}
 80497 | Vaults:5 | Identified the +2 leather armour of the Griffon {Will-
                  | Regen+ Dex+3}
 80500 | Vaults:5 | Identified the +9 scimitar of Isuagir {holy, rC+++ Will++
                  | Int+3 Dex-2}
 80596 | Vaults:5 | Identified the +9 battleaxe of Light {heavy, Str+4}
 80601 | Vaults:5 | Identified the +3 cloak of Emotueca {rCorr}
 80947 | Vaults:5 | Got a silver rune of Zot
 81144 | D:12     | Bought a pair of runed boots for 255 gold pieces
 81495 | Zot:1    | Entered Level 1 of the Realm of Zot
 81527 | Zot:1    | Noticed an orb of fire
 82378 | Zot:1    | Gained mutation: You are frail. (-10% HP) [an orb of fire]
 82382 | Zot:1    | Killed an orb of fire
 84115 | Zot:2    | Found the +4 dragonskin cloak {Aegis}
 84115 | Zot:2    | Noticed Tiamat
 84235 | Zot:2    | Killed Tiamat
 84683 | Zot:2    | Reached skill level 10 in Short Blades
 85182 | Zot:3    | Reached skill level 15 in Summonings
 85985 | Zot:3    | Noticed a Killer Klown
 85987 | Zot:3    | Killed a Killer Klown
 86266 | Zot:4    | Noticed a Killer Klown
 86275 | Zot:4    | Killed a Killer Klown
 86315 | Zot:4    | Reached skill level 10 in Stealth
 87252 | D:7      | Bought a manual of Invocations for 1040 gold pieces
 87663 | Zot:4    | Found the brooch of Shielding {Spirit SH+8}
 88321 | Zot:3    | Reached skill level 15 in Invocations
 88863 | Zot:5    | Entered Level 5 of the Realm of Zot
 88864 | Zot:5    | Noticed a dread lich
 89682 | Zot:5    | Noticed a dread lich
 89686 | Zot:5    | Killed a dread lich
 89771 | Zot:5    | Killed a dread lich
 89954 | Zot:5    | Noticed an orb of fire
 89956 | Zot:5    | Gained mutation: Your body sometimes deteriorates upon
                  | taking damage. [an orb of fire]
 89959 | Zot:5    | Killed an orb of fire
 89962 | Zot:5    | Noticed a Killer Klown
 89963 | Zot:5    | Noticed a Killer Klown
 89965 | Zot:5    | Killed a Killer Klown
 89966 | Zot:5    | Noticed an orb of fire
 89967 | Zot:5    | Killed a Killer Klown
 90136 | Zot:5    | Gained mutation: You are vulnerable to cold. (rC-) [an orb
                  | of fire]
 90137 | Zot:5    | Killed an orb of fire
 90308 | Zot:5    | Noticed a Killer Klown
 90327 | Zot:5    | Killed a Killer Klown
 90762 | Zot:5    | Noticed a Killer Klown
 90765 | Zot:5    | Killed a Killer Klown
 90924 | Zot:5    | Noticed an orb of fire
 90929 | Zot:5    | Killed an orb of fire
 91190 | Zot:5    | Noticed an orb of fire
 91194 | Zot:5    | Killed an orb of fire
 91283 | Zot:5    | Noticed a Killer Klown
 91290 | Zot:5    | Killed a Killer Klown
 91612 | Zot:5    | Noticed an ancient lich
 91616 | Zot:5    | Killed an ancient lich
 91700 | Zot:5    | Noticed a Killer Klown
 91704 | Zot:5    | Killed a Killer Klown
 92223 | Zot:5    | Noticed an orb of fire
 92231 | Zot:5    | Killed an orb of fire
 92258 | Zot:5    | Got the Orb of Zot
 92382 | Zot:4    | Noticed Naobeuj the pandemonium lord
 92582 | Depths:1 | Noticed Wedean the pandemonium lord
 92714 | D:10     | Noticed Kogy the pandemonium lord
 92881 | D:$      | Escaped with the Orb!

Illustrated notes

Levels and vault maps discovered:
D:1:      beargit_arrival_diablo_church, layout_basic, hangedman_decor_push
D:2:      layout_rooms, uniq_crazy_yiuf_cottage
D:3:      layout_rooms, mainiacjoe_overflow_six_doors_small,
          ebering_ecumenical_altar_box, uniq_ijyb
D:4:      layout_loops_ring, ashenzari_altar_1, serial_shops, shop,
          uniq_menkaure
D:5:      layout_loops_ring, mainiacjoe_overflow_alcove_2, zin_angel
D:6:      layout_basic, nicolae_overflow_crystal_walls, uniq_duvessa
D:7:      layout_loops_ring, minmay_temple_entry_mist,
          mainiacjoe_ossuary_entry_find_the_door, nicolae_shop_vocational,
          uniq_maggie, uniq_jeremiah
D:8:      layout_basic, mainiacjoe_overflow_small_starburst,
          nicolae_qazlal_beasts_of_the_sky, lemuel_mausoleum_altar_yredelemnul,
          minivault_25, nrook_mini_backslash
D:9:      layout_basic, kiku_gazebo_garden_becter, serial_shops,
          nicolae_shop_window_shopping
D:10:     layout_basic, grunt_lair_entry_orc_guard_hut
D:11:     layout_roguey, kennysheep_orc_monster_closet_entryway, serial_rivers,
          chequers_serial_rivers_large_a, chequers_serial_rivers_marsh,
          chequers_serial_rivers_micro_d, chequers_serial_rivers_micro_e,
          chequers_serial_rivers_large_b, chequers_serial_rivers_small_a,
          minmay_guarded_unrand_resistance, uniq_fannar
D:12:     layout_irregular_city, serial_shops, shop,
          nicolae_shop_tiny_statue_garden, shop, nicolae_shop_statue_plus, shop,
          uniq_rupert
D:13:     layout_long_grid, enter_trove_6, tgw_trog, uniq_jorgrun
D:14:     layout_loops_ring, david_vaults_1, serial_shops, shop,
          chequers_mini_garden
D:15:     hangedman_depths_entry_civil_slaughter, layout_long_grid,
          serial_undead, serial_undead_a, serial_undead_f, serial_undead_d,
          serial_undead_f, ebering_ghost_xom
Temple:   compressed_dpeg_triangle_lava_temple
Lair:1:   layout_cave_pods, serial_bayou_ford_a
Lair:2:   layout_regular_city, gauntlet_entry_generic, grunt_megastairs_4,
          infiniplex_staircase_pool
Lair:3:   nzn_winding_woodlands_stair_cross [nzn_winding_woodlands_5x15_pockets,
          nzn_winding_woodlands_center_garden,
          nzn_winding_woodlands_5x15_garden,
          nzn_winding_woodlands_5x5_checkerboard,
          nzn_winding_woodlands_hourglass, nzn_winding_woodlands_5x15_sawtooth,
          nzn_winding_woodlands_center_triple_pond,
          nzn_winding_woodlands_5x15_pool], layout_long_grid, swamp_mist_pool,
          guppyfry_snake_entry_garden, minmay_lair_oklob_items, uniq_gastronok
Lair:4:   statuecave_lemuel, layout_cave_shapes, gammafunk_ghost_ooze
Lair:5:   minmay_lair_end_enchanted_forest, layout_gridlike, slime_entry_2,
          uniq_nessos
Swamp:1:  layout_falls_marsh, ebering_ghost_rock_garden,
          portal_ice_cave_entry_frozen_things, evilmike_swamp_ruin_house_4
Swamp:2:  layout_basic_swamp, evilmike_swamp_ruin_wall, swamp_pool_1_2,
          nicolae_swamp_fairy_circle, st_swamp_ruins_1
Swamp:3:  layout_falls_marsh, gammafunk_ghost_mausoleum,
          nicolae_swamp_reclaimed_castle, infiniplex_staircase_pool_2
Swamp:4:  swamp_alternative, layout_basic_swamp
Snake:1:  layout_onion, nicolae_snake_gridmaze_waves
Snake:2:  layout_misc_corridors, special_room, st_stairs_10, uniq_aizul,
          uniq_frances
Snake:3:  layout_honeycomb, uniq_louise
Snake:4:  grunt_snake_rune_spirals, layout_onion_interference, basic_altar,
          serial_shops, nicolae_shop_real_fake_doors, lemuel_fruit_tree
Slime:1:  layout_caves
Slime:2:  cheibrodos_slime_lost_civilization_3, layout_caves
Slime:3:  layout_caves
Slime:4:  layout_caves
Slime:5:  slime_pit_nicolae_amoeboid
Orc:1:    layout_diamond_mine, ebering_ghost_reflecting_pool
Orc:2:    st_orc_mages, layout_diamond_mine, serial_shops,
          nicolae_shop_statue_plus
Elf:1:    elf_arrival_001, layout_onion_city, serial_shops, bzr_entry_dummy,
          nicolae_shop_crystal, shop, shop, shop, minmay_elf_sorcery,
          hangedman_glass_teeth
Elf:2:    nicolae_elf_blades_splatter_lattice [grunt_blade_entry_basic],
          layout_loops_corners, ebering_ghost_xom, serial_shops, shop,
          minivault_16, uniq_agnes
Elf:3:    elf_hall, layout_geoelf_diagonals, grunt_megastairs_5
Vaults:1: v_misc_17, nicolae_vaults_mitosis,
          nicolae_vaults_doubleplus_tesselated,
          nicolae_vaults_trapezoid_lopsided_1, v_alt_pattern_4,
          vaults_room_fours, nicolae_vaults_layer_cake_slice,
          vaults_mumra_hexcomb, nicolae_vaults_six-pack,
          nicolae_vaults_tetromino_T_1, layout_vaults_chaotic_city
Vaults:2: v_misc_32, serial_library_hellmonk_angled_corner,
          hangedman_vaults_stream, nicolae_vaults_stairing_the_circle,
          nicolae_vaults_diamond_1, nicolae_vaults_little_squares_6,
          nicolae_vaults_octothorpe, nicolae_vaults_statue_guard,
          nicolae_vaults_windows_and_doors_thing, ontoclasm_vaults_misaligned,
          vaults_mumra_minichess, ontoclasm_vaults_ring_square,
          nicolae_vaults_tetromino_T_1, v_rooms_4,
          nicolae_vaults_little_squares_6, layout_vaults_ring, serial_shops,
          shop
Vaults:3: nicolae_vaults_turnstiles, ontoclasm_vaults_ring_large,
          minmay_crypt_entry_simple_sparse, vaults_room_fours,
          nicolae_vaults_murder_corner, layout_vaults_omnigrid
Vaults:4: nicolae_vaults_little_squares_5, v_misc_2,
          nicolae_vaults_tetromino_T_2, hangedman_vaults_corner,
          vaults_room_door_ring, vaults_dpeg_encased_lava,
          vaults_standard_mumra_enter_the_diamond, vaults_standard_mumra_x,
          ontoclasm_vaults_eye, hangedman_vaults_maws, v_alt_pattern_1,
          layout_vaults_maze, serial_shops, nicolae_shop_behind_doors,
          uniq_donald
Vaults:5: uniq_saint_roka
Depths:1: layout_cross, enter_ziggurat_b, grunt_mini_vestibule, nrook_uturn,
          nicolae_shop_firing_range
Depths:2: grunt_bent_corner, layout_basic, rand_demon_pan_entry_1,
          pf_hell_entry_tar_river, lemuel_another_geyser,
          minmay_staircase_windowed_small, minmay_shop_star
Depths:3: nicolae_BIG_FREAKIN_CUBE, layout_gridlike,
          hangedman_abyss_or_decor_stabs, abyss_entry, pan_entry,
          pf_dread_powers_of_hell, hangedman_decor_clover_reticule,
          minmay_evil_grid, infiniplex_staircase_pillars_1
Depths:4: evilmike_zot_entry_argh, layout_honeycomb, serial_glass,
          glass_columns_a, glass_columns_b, feat_on_display,
          minmay_strange_pillars, due_unseen_surprise,
          nicolae_qazlal_style_of_elements, pf_coc_iceberg, abyss_entry,
          okawaru_altar_gauntlet_db
Zot:1:    layout_gridlike, hangedman_zot_decor_checkerboard
Zot:2:    layout_misc_corridors, regret_index_zotdec_twisting_globes,
          uniq_tiamat
Zot:3:    kennysheep_spiral_hall, layout_basic
Zot:4:    layout_gridlike
Zot:5:    layout_gridlike, st_stairs_12, grunt_ministairs_9

Skill      XL: |  1  2  3  4  5  6  7  8  9 10 11 12 13 14 15 16 17 18 19 20 21 22 23 24 25 26 27 |
---------------+----------------------------------------------------------------------------------+-----
Earth Magic    | 4 5 6 7 9 10 11 13 15 16 18 20 24 25 26 | 26.5
Short Blades   | 1 2 3 4 6 8 9 10 | 10.0
Conjurations   | 1 3 4 6 7 8 11 12 13 14 | 14.0
Spellcasting   | 3 4 6 7 8 10 11 12 14 | 14.0
Fighting       | 2 4 6 9 12 15 16 17 | 17.0
Stealth        | 4 5 13 | 13.2
Invocations    | 3 6 9 10 12 22 | 22.7
Evocations     | 1 4 5 14 | 14.5
Armour         | 3 5 7 9 |  9.5
Dodging        | 3 4 6 10 14 15 | 15.3
Alchemy        | 10 | 10.0
Summonings     | 2 5 7 9 10 13 14 15 | 15.0
Shields        | 9 12 15 16 17 18 19 20 | 20.0
Ice Magic      | 12 | 12.0
Staves         | 3 8 |  8.9

Action                     |  1- 3 |  4- 6 |  7- 9 | 10-12 | 13-15 | 16-18 | 19-21 | 22-24 | 25-27 || total
---------------------------+-------+-------+-------+-------+-------+-------+-------+-------+-------++-------
  Melee: Dagger            |     3 |       |       |       |       |     1 |       |       |     2 ||     6
         Staff             |       |       |     4 |    62 |   107 |    23 |    94 |   129 |   142 ||   561
  Throw: Dart              |       |       |       |     3 |     9 |       |    11 |     2 |       ||    25
   Cast: Sandblast         |    48 |    72 |   132 |   111 |   113 |       |       |     1 |       ||   477
         Stone Arrow       |       |     3 |    19 |   210 |   542 |   661 |   138 |    11 |       ||  1584
         Passwall          |       |       |       |     1 |       |     2 |       |       |     6 ||     9
         Iskenderun's Batt |       |       |       |       |    62 |   114 |    33 |       |       ||   209
         Irradiate         |       |       |       |       |       |    11 |    21 |    29 |    13 ||    74
         Bombard           |       |       |       |       |       |     1 |     2 |    21 |    41 ||    65
         Permafrost Erupti |       |       |       |       |       |       |   246 |   335 |   447 ||  1028
         Spellforged Servi |       |       |       |       |       |       |     9 |    36 |    45 ||    90
         Shatter           |       |       |       |       |       |       |       |       |    94 ||    94
 Invoke: Heal Other        |       |       |       |       |    13 |     4 |     4 |     1 |       ||    22
         Heal Self         |       |       |       |       |       |     2 |     1 |       |       ||     3
Ability: Dig               |       |       |       |       |     1 |     2 |     1 |       |     1 ||     5
  Evoke: Wand              |       |       |     1 |       |     4 |     8 |     7 |       |     4 ||    24
         Sack of spiders   |       |       |       |       |       |     2 |     2 |     1 |       ||     5
    Use: Scroll            |       |     8 |    12 |     9 |     7 |     4 |     1 |     1 |     5 ||    47
   Stab: Distracted        |       |       |       |       |     1 |       |       |     1 |     1 ||     3
         Sleeping          |       |       |       |       |       |     1 |       |       |     2 ||     3
 Armour: Robe              |     6 |    17 |    16 |    22 |   232 |   328 |   221 |   219 |   254 ||  1315
         Swamp dragon scal |       |       |    34 |   129 |       |       |       |       |       ||   163
  Dodge: Dodged            |    11 |    12 |    21 |   147 |   352 |   160 |    90 |   132 |   146 ||  1071
  Block: Kite shield       |       |       |       |       |       |   210 |   197 |   260 |   202 ||   869

Table legend: (Time is in decaauts)
 A = Elapsed time spent in this place.
 B = Non-inter-level travel time spent in this place.
 C = Inter-level travel time spent in this place.
 D = Time resting spent in this place.
 E = Time spent auto-exploring this place.
 F = Levels seen in this place.
 G = Mean time per level.
                   A        B        C        D        E       F      G
               +--------+--------+--------+--------+--------+-----+--------+
         Total |  93711 |  84823 |   8888 |  27813 |  43753 |  56 | 1673.4 |
       Dungeon |  23518 |  20072 |   3446 |   5259 |  11864 |  15 | 1567.9 |
        Temple |      1 |      1 |      0 |      0 |      0 |   1 |    1.0 |
          Lair |  12283 |  11029 |   1254 |   3722 |   5683 |   5 | 2456.6 |
         Swamp |   5097 |   4687 |    410 |   1203 |   2435 |   4 | 1274.2 |
     Snake Pit |   7951 |   7603 |    348 |   2837 |   3506 |   4 | 1987.8 |
    Slime Pits |   4588 |   4212 |    376 |   2492 |   1113 |   5 |  917.6 |
  Orcish Mines |   4480 |   3751 |    729 |   1146 |   2136 |   2 | 2240.0 |
   Elven Halls |   5831 |   5256 |    575 |   1163 |   3313 |   3 | 1943.7 |
        Vaults |   9692 |   9206 |    486 |   2965 |   4934 |   5 | 1938.4 |
        Depths |   8030 |   7560 |    470 |   2288 |   3971 |   4 | 2007.5 |
           Zot |  10281 |   9491 |    790 |   4299 |   3866 |   5 | 2056.2 |
        Bazaar |    119 |    119 |      0 |      0 |     45 |   1 |  119.0 |
       Ossuary |    671 |    671 |      0 |     32 |    421 |   1 |  671.0 |
      Ice Cave |   1164 |   1164 |      0 |    407 |    464 |   1 | 1164.0 |
               +--------+--------+--------+--------+--------+-----+--------+

Top non-repeatable levels by time:
  Lair:3: 4207 daAuts
   Zot:5: 3314 daAuts
     D:8: 3001 daAuts
  Lair:5: 2854 daAuts
Vaults:4: 2830 daAuts
 Snake:3: 2756 daAuts
   Elf:3: 2754 daAuts
   Orc:2: 2746 daAuts
 Snake:4: 2629 daAuts
Depths:2: 2422 daAuts
 Slime:5: 2294 daAuts
Vaults:2: 2273 daAuts
   Zot:1: 2242 daAuts
  Lair:2: 2129 daAuts
   Zot:3: 2128 daAuts
